 Dungeon Crawl Stone Soup version 0.19.5 (webtiles) character file.

312973 zephy the Warrior (level 22, -6/171 HPs)
             Began as a Halfling Hunter on Apr 13, 2017.
             Was the Champion of Okawaru.
             Mangled by a very ugly thing simulacrum (illusionary) (45 damage)
             ... on level 15 of the Dungeon.
             The game lasted 02:04:56 (51828 turns).

zephy the Warrior (Halfling Hunter)                Turns: 51828, Time: 02:04:57

Health: -6/171     AC: 27    Str: 20    XL:     22   Next: 26%
Magic:  29/29      EV: 24    Int: 19    God:    Okawaru [******]
Gold:   2214       SH: 19    Dex: 24    Spells: 0 memorised, 21 levels left

rFire  + + .     SeeInvis .     v - +12 hunting sling of Extermination {velocity, +Blink rC- Int+5}
rCold  . . .     Gourm    .     J - +7 chain mail "Wantesan" {rPois Dex+2}
rNeg   . . .     Faith    .     A - +2 shield of Resistance {rF+ rC+ MR+}
rPois  +         Spirit   .     n - +1 hat {Int+3}
rElec  .         Reflect  .     V - +2 cloak of Jedaosaf {rPois rF+}
rCorr  .         Harm     .     H - +0 pair of gloves of a Hundred Lies {Int+2 Dex+4}
MR     ++...                    Z - +0 pair of boots {run}
Stlth  ..........               Y - amulet of regeneration {+regen, !d}
                                q - +5 ring of evasion
                                I - +3 ring of slaying

@: quick
A: mutation resistance 1
a: Heroism, Finesse, Renounce Religion, Evoke Blink
}: 2/15 runes: serpentine, barnacled


You were on level 15 of the Dungeon.
You worshipped Okawaru.
Okawaru was exalted by your worship.
You were not hungry.

You visited 6 branches of the dungeon, and saw 34 of its levels.
You visited the Abyss 1 time.
You also visited: Labyrinth and Ossuary.

You collected 2772 gold pieces.
You spent 558 gold pieces at shops.

Inventory:

Hand Weapons
 o - the +6 hunting sling "Hujonk" {speed, MR++ SInv}
   (Okawaru gifted it to you on level 2 of the Vaults)

   Attacks with this weapon are significantly faster.
   It affects your resistance to hostile enchantments.
   It lets you see invisible.
 u - a +7 fustibalus of freezing
   (Okawaru gifted it to you on level 6 of the Lair of Beasts)
 v - the +12 hunting sling of Extermination (weapon) {velocity, +Blink rC- Int+5}
   (Okawaru gifted it to you on level 1 of the Shoals)

   Any stone fired from it inflicts extra damage.
   It affects your intelligence (+5).
   It makes you vulnerable to cold.
   It lets you blink.
 K - the +9 falchion of Qecunakk {pain, rElec rC+ Int+4}
   (You found it on level 2 of the Vaults)

   In the hands of one skilled in necromantic magic, it inflicts extra damage on
   living creatures.
   It affects your intelligence (+4).
   It protects you from cold.
   It insulates you from electricity.
Missiles
 d - 465 sling bullets (quivered)
 e - 477 stones
 w - 8 throwing nets {=f, !d}
 y - 36 tomahawks
 O - 789 bolts
 R - 8 tomahawks of returning
Armour
 l - +0 fire dragon scales
   (You found it on level 1 of the Vaults)
 n - a +1 hat of intelligence (worn)
   (Okawaru gifted it to you on level 1 of the Lair of Beasts)
 A - the +2 shield of Resistance (worn) {rF+ rC+ MR+}
   (You found it on level 13 of the Dungeon)

   It protects you from fire.
   It protects you from cold.
   It affects your resistance to hostile enchantments.
 H - the +0 pair of gloves of a Hundred Lies (worn) {Int+2 Dex+4}
   (You found it on level 4 of the Vaults)

   It affects your intelligence (+2).
   It affects your dexterity (+4).
 J - the +7 chain mail "Wantesan" (worn) {rPois Dex+2}
   (Okawaru gifted it to you on level 3 of the Snake Pit)

   It affects your dexterity (+2).
   It protects you from poison.
 V - the +2 cloak of Jedaosaf (worn) {rPois rF+}
   (Okawaru gifted it to you on level 14 of the Dungeon)

   It protects you from fire.
   It protects you from poison.
 Z - a +0 pair of boots of running (worn)
   (You found it in a labyrinth)
Jewellery
 k - an uncursed ring of see invisible {sInv, !d}
   (You found it on level 1 of the Dungeon)
 p - an uncursed ring of protection from magic {MR+, !d}
   (You found it on level 1 of the Snake Pit)
 q - a +5 ring of evasion (right hand)
   (You found it on level 1 of the Shoals)
 I - a +3 ring of slaying (left hand)
   (You found it on level 13 of the Dungeon)
 Y - an amulet of regeneration (around neck) {+regen, !d}
   (You found it on level 8 of the Dungeon)
Wands
 b - a wand of acid (5/15)
   (You found it on level 2 of the Vaults)
 r - a wand of digging (22/24)
   (You found it on level 8 of the Dungeon)
 s - a wand of hasting (4/9)
   (You found it on level 2 of the Lair of Beasts)
 Q - a wand of teleportation (4/9)
   (You took it off Urug on level 14 of the Dungeon)
 W - a wand of heal wounds (4/9)
   (You took it off Asterion on level 3 of the Snake Pit)
 X - a wand of digging (18/24)
   (You found it on level 2 of the Vaults)
Scrolls
 a - 2 scrolls of blinking {!r}
 i - 8 scrolls of identify
 j - 24 scrolls of remove curse
 z - a scroll of enchant weapon
 C - 3 scrolls of fog
 D - 2 scrolls of recharging
 F - 3 scrolls of fear
 G - 12 scrolls of teleportation
 M - a scroll of acquirement
 U - 6 scrolls of magic mapping {!r}
Potions
 h - a potion of ambrosia
 x - 9 potions of curing
 B - a potion of flight
 L - 3 potions of haste
 P - a potion of heal wounds
 S - 8 potions of agility
 T - 6 potions of might
Miscellaneous
 g - a sack of spiders
 m - a fan of gales
   (You found it on level 1 of the Vaults)
 t - a lamp of fire
   (You found it on level 12 of the Dungeon)
Comestibles
 c - 21 fruits
 f - 12 bread rations {@e1}
 E - 14 meat rations {@e2}
 N - 6 chunks of flesh {@w0}


   Skills:
 - Level 20.3 Fighting
 - Level 20.0 Slings
 + Level 12.4 Armour
 - Level 10.4 Dodging
 - Level 1.1 Stealth
 - Level 20.1 Shields
 - Level 10.5 Invocations


You had 21 spell levels left.
You didn't know any spells.

Dungeon Overview and Level Annotations

Branches:
Dungeon (15/15)            Temple (0/1) D:5            Lair (6/6) D:9
 Shoals (4/4) Lair:4        Snake (4/4) Lair:3        Slime (0/5) Lair:6
    Orc (0/2) D:9          Vaults (4/5) D:14          Crypt (0/3) Vaults:3
 Depths (1/5) D:15

Altars:
Cheibriados
Dithmenos
Gozag
Hepliaklqana
Kikubaaqudgha
Okawaru
Qazlal
Ru
Sif Muna
Trog
Uskayaw
Xom
Zin
The Shining One
Beogh

Shops:
D:8 =   D:11 *   D:12 =

Portals:
Abyss: Depths:1

Annotations:
D:13 1 runed door


Innate Abilities, Weirdness & Mutations

You are small and have problems with some larger weapons.
You are somewhat resistant to further mutation.


Message History

The sling bullet hits the green very ugly thing!
You block the rakshasa's attack.
The green very ugly thing barely misses you.
Aim: a green very ugly thing (heavily wounded, bound soul)
You shoot a sling bullet.
The sling bullet closely misses the green very ugly thing.
Aim: a green very ugly thing (heavily wounded, bound soul)
You shoot a sling bullet.
The sling bullet hits the green very ugly thing.
You block the green very ugly thing's attack.
You block the rakshasa's attack.
Aim: a green very ugly thing (heavily wounded, bound soul)
You shoot a sling bullet.
The sling bullet hits the green very ugly thing!
You block the green very ugly thing's attack.
Aim: a green very ugly thing (severely wounded, bound soul)
You shoot a sling bullet.
The sling bullet closely misses the green very ugly thing.
The rakshasa hits you but does no damage.
Aim: a green very ugly thing (severely wounded, bound soul)
You shoot a sling bullet.
The sling bullet hits the green very ugly thing!
The green very ugly thing completely misses you.
Aim: a green very ugly thing (severely wounded, bound soul)
You shoot a sling bullet.
The sling bullet hits the green very ugly thing!!
You kill the green very ugly thing!
Okawaru accepts your kill.
A freezing mist starts to gather...
A very ugly thing simulacrum comes into view.
The rakshasa weaves an illusion.
The very ugly thing simulacrum shimmers and seems to become two!
Aim: a rakshasa, wielding a long sword and wearing a robe You shoot a sling bullet.
The sling bullet hits the rakshasa!
The rakshasa blinks!
Aim: a very ugly thing simulacrum You shoot a sling bullet.
The sling bullet hits the very ugly thing simulacrum!
The very ugly thing simulacrum hits you but does no damage.
Aim: a very ugly thing simulacrum (moderately damaged)
You shoot a sling bullet.
The sling bullet hits the very ugly thing simulacrum!!
Aim: a very ugly thing simulacrum (almost destroyed)
You shoot a sling bullet.
The sling bullet hits the very ugly thing simulacrum!
The very ugly thing simulacrum vapourises!
Aim: a very ugly thing simulacrum You shoot a sling bullet.
The sling bullet hits the very ugly thing simulacrum.
Aim: a very ugly thing simulacrum (lightly damaged)
You shoot a sling bullet.
The sling bullet hits the very ugly thing simulacrum!!
The very ugly thing simulacrum hits you.
The very ugly thing simulacrum freezes you!!
You take 34 damage, and have 107/171 hp.
Aim: a very ugly thing simulacrum (moderately damaged)
You shoot a sling bullet.
The sling bullet hits the very ugly thing simulacrum!
Aim: a very ugly thing simulacrum (moderately damaged)
You shoot a sling bullet.
The sling bullet hits the very ugly thing simulacrum!
The very ugly thing simulacrum hits you.
The very ugly thing simulacrum freezes you!!!
You block the rakshasa's attack.
You take 39 damage, and have 69/171 hp.
MASSIVE DAMAGE!!
Aim: a very ugly thing simulacrum (moderately damaged)
You shoot a sling bullet.
The sling bullet hits the rakshasa but does no damage.
Aim: a very ugly thing simulacrum (moderately damaged)
You shoot a sling bullet. The sling bullet hits the rakshasa!
You block the very ugly thing simulacrum's attack.
You block the rakshasa's attack.
Aim: a very ugly thing simulacrum (moderately damaged)
You shoot a sling bullet. The sling bullet hits the rakshasa!
The injured rakshasa weaves a defensive illusion!
Aim: a very ugly thing simulacrum (moderately damaged)
You shoot a sling bullet.
The sling bullet hits the very ugly thing simulacrum!!
The very ugly thing simulacrum hits you but does no damage.
The rakshasa is engulfed in freezing vapours.
You block the rakshasa's attack.
Aim: a very ugly thing simulacrum (heavily damaged)
You shoot a sling bullet.
The sling bullet hits the very ugly thing simulacrum!!
Aim: a very ugly thing simulacrum (severely damaged)
You shoot a sling bullet.
The sling bullet hits the very ugly thing simulacrum!
The rakshasa misses you.
The very ugly thing simulacrum hits you!
The very ugly thing simulacrum freezes you!!!
* * * LOW HITPOINT WARNING * * *
The rakshasa blinks!
You take 59 damage, and have 13/171 hp.
MASSIVE DAMAGE!!
You feel much better. The rakshasa completely misses you.
The very ugly thing simulacrum hits you.
* * * LOW HITPOINT WARNING * * *
The very ugly thing simulacrum freezes you!!!
You die...

....## #...........# #(.# #
.....# #.........#.## #..# #
.....## #........#...# #..# #
###...# #..#####.#...# #..# #
###.#.###..#.....#[..# #..# #
.8#.#..##..#..#)#.#.## #..# #
..#.##.##..#.#...#...# #..# #
..'.##..#..#.[[RR#.### #..# #
..#..##....[.#.Z@#.# #..# #
.8##.##..####.####.# #..# #
####[.#..#⌠..#.....# #..# # ##
##.##.#.....#..## #..# # .#
#....#...#.#..# #..# #
.####.#.#.#.#..#..# #..#######
.........#.....#..######......).)
.........#.#####..............)[.
#####....#.# ##################


You could see 2 rakshasas and a very ugly thing simulacrum.

Vanquished Creatures
  Vashnia (Snake:3)
  The ghost of InfiniteBenevolence the Slayer, a veteran MiBe of Trog (Vaults:4)
  Rupert (D:14)
  Asterion (Snake:3)
  Ilsuiw (Shoals:4)
  6 nagarajas
  Roxanne (D:15)
  A fire giant (Vaults:2)
  A deep elf sorcerer (Abyss:3)
  8 vault wardens
  A ghoul (Vaults:4)
  9 ironheart preservers
  4 very ugly things
  An entropy weaver (Vaults:4)
  2 stone giants
  Nessos (D:13)
  A deep elf demonologist (Vaults:2)
  A dire elephant (Lair:6)
  4 merfolk javelineers
  An ettin (Depths:1)
  A minotaur (Lab)
  Erolcha (D:13)
  A rakshasa (Abyss:3)
  2 yaktaur captains (Vaults:3)
  7 ogre magi
  8 merfolk impalers
  6 vault guards
  3 great orbs of eyes
  3 fire dragons
  4 ice dragons
  8 hydras
  17 naga warriors
  4 death knights
  10 anacondas
  Erica (D:8)
  9 centaur warriors
  5 satyrs
  3 catoblepae
  2 merfolk avatars
  3 merfolk aquamancers
  Urug (D:14)
  5 tengu warriors
  9 death yaks
  2 deep troll earth magi
  A titan zombie (Abyss:3)
  A vampire mage (Vaults:3)
  13 naga sharpshooters
  7 shock serpents
  5 deep elf knights
  5 salamander mystics
  A wretched star (Abyss:3)
  6 skeletal warriors
  6 sea snakes
  2 shadow wraiths (Vaults:2)
  An unseen horror (D:12)
  A sixfirhy (Abyss:3)
  3 flayed ghosts
  An unseen horror (shapeshifter) (Vaults:1)
  A wizard (D:14)
  11 deep trolls
  12 naga ritualists
  6 hill giants
  Pikel (D:8)
  A glowing orange brain (Vaults:4)
  4 phantasmal warriors
  11 ironbrand convokers
  3 wolf spiders
  6 deep elf archers
  16 harpies
  13 orc knights
  19 mana vipers
  9 cyclopes
  A shining eye (shapeshifter) (Vaults:3)
  23 ugly things
  10 deep elf magi
  A salamander (shapeshifter) (Vaults:4)
  12 salamanders
  3 worldbinders (Abyss:3)
  18 manticores
  22 fauns
  2 orc sorcerers
  3 elephants (Lair:6)
  9 vault sentinels
  29 black mambas
  3 centaur zombies
  5 water nymphs
  23 naga magi
  11 sirens
  4 guardian serpents (Snake:4)
  A gargoyle (D:14)
  10 spiny frogs
  4 rime drakes
  A rime drake (shapeshifter) (Vaults:4)
  8 freezing wraiths
  An ancient zyme (Abyss:3)
  31 yaktaurs
  An efreet (D:15)
  13 komodo dragons
  32 merfolk
  6 polar bears
  12 hornets
  8 two-headed ogres
  A queen bee (shapeshifter) (Vaults:4)
  5 wind drakes
  2 wind drakes (shapeshifter) (Vaults:3)
  6 trolls
  15 blink frogs
  23 slime creatures
  Grinder (D:3)
  A raiju (Abyss:3)
  A meliai zombie (D:14)
  11 dream sheep
  14 hippogriffs
  10 snapping turtles
  A spriggan (shapeshifter) (D:15)
  4 wraiths
  53 yaks
  2 shadows
  6 wyverns
  A redback (Vaults:4)
  2 vampires
  A yak (shapeshifter) (Vaults:4)
  A basilisk (shapeshifter) (Vaults:4)
  10 water elementals
  5 basilisks
  11 vampire mosquitoes
  A steam dragon (D:13)
  3 hungry ghosts
  16 humans
  A yaktaur simulacrum (Vaults:2)
  2 mottled dragons
  5 wargs
  74 nagas
  A small abomination (Abyss:2)
  2 large abominations (Abyss:3)
  13 water moccasins
  8 porcupines
  A hell hound (shapeshifter) (Vaults:1)
  21 orc warriors
  A black bear (D:12)
  2 sky beasts
  A slave (D:8)
  2 ice beasts
  4 phantoms
  3 eyes of draining
  An ettin simulacrum (Vaults:2)
  12 wolves
  23 ogres
  22 crocodiles
  20 centaurs
  3 big kobolds
  Blork the orc (D:4)
  15 bullfrogs
  A gnoll sergeant (D:12)
  2 wyvern skeletons
  5 scorpions
  48 killer bees (Lair:2)
  8 wights
  6 howler monkeys
  3 bullfrog zombies
  10 crimson imps
  A quasit (D:8)
  7 starcursed masses (Abyss:3)
  7 hounds
  3 jellies
  Crazy Yiuf (D:2)
  2 bullfrog skeletons
  15 orc priests
  5 centaur skeletons
  Natasha (D:2)
  15 orc wizards
  12 worker ants
  A killer bee zombie (D:6)
  2 big kobold zombies (Ossuary)
  4 mummies
  A worker ant zombie (D:11)
  A howler monkey skeleton (D:6)
  10 gnolls
  7 adders
  7 river rats (D:9)
  3 shadow imps
  A white imp (Abyss:3)
  7 oozes
  An adder skeleton (D:4)
  5 adder zombies (Ossuary)
  4 worms
  5 dart slugs
  3 leopard geckos
  79 orcs
  A ball python (D:3)
  2 bat zombies (D:9)
  4 giant cockroaches
  6 hobgoblins
  12 jackals
  5 quokkas
  A ball python skeleton (D:6)
  8 bats
  8 frilled lizards
  A gnoll zombie (Ossuary)
  8 goblins
  2 goblin zombies (Ossuary)
  5 hobgoblin zombies (Ossuary)
  A jackal zombie (D:7)
  16 kobolds
  A quokka zombie (Ossuary)
  3 rats
  5 rat zombies
  A plant (Lair:1)
1463 creatures vanquished.

Vanquished Creatures (others)
  A slave (D:8)
  An orc wizard (Vaults:3)
  A leopard gecko (D:8)
  An orc (D:6)
  3 bushes
  19 fungi
  48 plants
74 creatures vanquished.

Grand Total: 1537 creatures vanquished

Notes
Turn   | Place    | Note
-------+----------+-------------------------------------------
     0 | D:1      | zephy the Halfling Hunter began the quest for the Orb.
     0 | D:1      | Reached XP level 1. HP: 14/14 MP: 1/1
    60 | D:1      | Reached skill level 6 in Slings
   525 | D:1      | Reached XP level 2. HP: 19/19 MP: 2/2
  1314 | D:1      | Reached skill level 7 in Slings
  1314 | D:1      | Reached XP level 3. HP: 24/24 MP: 3/3
  1583 | D:2      | Found an iron altar of Okawaru.
  1640 | D:2      | Became a worshipper of Warmaster Okawaru
  1732 | D:2      | Noticed Natasha
  1758 | D:2      | Killed Natasha
  1758 | D:2      | Reached skill level 8 in Slings
  1758 | D:2      | Reached XP level 4. HP: 29/29 MP: 4/4
  1818 | D:2      | Found a sacrificial altar of Ru.
  2053 | D:2      | Reached XP level 5. HP: 20/34 MP: 5/5
  2512 | D:2      | Reached skill level 9 in Slings
  2558 | D:2      | Found a shimmering altar of Xom.
  2631 | D:2      | Found a runed door.
  2704 | D:2      | Found a hazy altar of Hepliaklqana.
  2825 | D:2      | Noticed Crazy Yiuf
  2834 | D:2      | Killed Crazy Yiuf
  3007 | D:3      | Reached * piety under Okawaru
  3094 | D:3      | Reached XP level 6. HP: 39/39 MP: 6/6
  3104 | D:3      | Reached skill level 10 in Slings
  3446 | D:3      | Found a faded altar of an unknown god.
  3507 | D:3      | Noticed Grinder
  3516 | D:3      | Paralysed by Grinder for 2 turns
  3521 | D:3      | Killed Grinder
  3521 | D:3      | Reached skill level 11 in Slings
  3521 | D:3      | Reached XP level 7. HP: 43/44 MP: 4/7
  4030 | D:4      | Reached ** piety under Okawaru
  4051 | D:4      | Reached skill level 12 in Slings
  4334 | D:4      | Noticed Blork the orc
  4414 | D:4      | Killed Blork the orc
  4436 | D:4      | Reached XP level 8. HP: 28/49 MP: 8/8
  4691 | D:4      | Reached skill level 13 in Slings
  4991 | D:4      | Found a hide-covered altar of Uskayaw.
  4991 | D:4      | Found a shadowy altar of Dithmenos.
  5566 | D:5      | Entered Level 5 of the Dungeon
  5738 | D:5      | Reached *** piety under Okawaru
  5916 | D:5      | Reached skill level 14 in Slings
  6289 | D:5      | Found a staircase to the Ecumenical Temple.
  6607 | D:6      | Reached XP level 9. HP: 23/54 MP: 9/9
  6628 | D:6      | Found a sand-covered staircase.
  6739 | Ossuary  | Entered an ossuary
  6750 | Ossuary  | Received a gift from Okawaru
  6750 | Ossuary  | Reached skill level 15 in Slings
  7039 | Ossuary  | Reached skill level 2 in Fighting
  7295 | D:6      | Reached skill level 3 in Fighting
  7638 | D:6      | Reached skill level 4 in Fighting
  7909 | D:6      | Reached skill level 16 in Slings
  8716 | D:7      | Reached **** piety under Okawaru
  8786 | D:7      | Found a stormy altar of Qazlal.
  8863 | D:7      | Noticed a hippogriff
  8883 | D:7      | Killed a hippogriff
  8883 | D:7      | Reached skill level 5 in Fighting
  8997 | D:7      | Reached XP level 10. HP: 66/66 MP: 10/10
  9232 | D:7      | Reached skill level 1 in Armour
  9371 | D:8      | Found a snail-covered altar of Cheibriados.
  9398 | D:8      | Received a gift from Okawaru
  9424 | D:8      | Found Jucoutix's Jewellery Shoppe.
  9438 | D:8      | Noticed Erica
  9446 | D:8      | Killed Erica
  9446 | D:8      | Received a gift from Okawaru
  9446 | D:8      | Reached skill level 6 in Fighting
  9446 | D:8      | Reached skill level 17 in Slings
  9446 | D:8      | Reached skill level 3 in Armour
  9959 | D:8      | Noticed Pikel
 10031 | D:8      | Killed Pikel
 10031 | D:8      | Received a gift from Okawaru
 10031 | D:8      | Reached skill level 4 in Armour
 10279 | D:8      | Found a bloodstained altar of Trog.
 10653 | D:8      | Found a deep blue altar of Sif Muna.
 10790 | D:8      | Reached skill level 7 in Fighting
 10866 | D:9      | Reached skill level 5 in Armour
 10866 | D:9      | Reached XP level 11. HP: 67/75 MP: 11/11
 10888 | D:9      | Found a staircase to the Orcish Mines.
 11236 | D:9      | Reached ***** piety under Okawaru
 11390 | D:9      | Received a gift from Okawaru
 11497 | D:9      | Found a staircase to the Lair.
 11607 | D:9      | Reached skill level 18 in Slings
 11607 | D:9      | Reached skill level 6 in Armour
 11872 | D:9      | Received a gift from Okawaru
 12079 | D:9      | Found an ancient bone altar of Kikubaaqudgha.
 12176 | D:9      | HP: 16/77 [hornet (10)]
 12181 | D:9      | HP: 13/77 [poisoned by a hornet]
 12186 | D:9      | HP: 15/77 [poisoned by a hornet]
 12192 | D:9      | HP: 19/77 [poisoned by a hornet]
 12311 | D:9      | Found a glowing silver altar of Zin.
 12384 | D:9      | Reached skill level 8 in Fighting
 12568 | D:10     | Entered Level 10 of the Dungeon
 12816 | D:10     | Received a gift from Okawaru
 12913 | D:10     | Reached skill level 7 in Armour
 12977 | D:10     | Received a gift from Okawaru
 13181 | D:10     | Noticed a red ugly thing
 13181 | D:10     | Reached skill level 3 in Dodging
 13322 | D:10     | Killed a red ugly thing
 13917 | D:10     | Received a gift from Okawaru
 13917 | D:10     | Reached XP level 12. HP: 60/84 MP: 12/12
 14394 | D:11     | Reached skill level 4 in Dodging
 14506 | Lair:1   | Entered Level 1 of the Lair of Beasts
 14722 | Lair:1   | Received a gift from Okawaru
 14958 | Lair:1   | Reached skill level 8 in Armour
 15152 | Lair:1   | Reached skill level 9 in Fighting
 15263 | Lair:1   | Reached skill level 5 in Dodging
 15281 | Lair:1   | Noticed a five-headed hydra
 15284 | Lair:1   | Noticed a five-headed hydra
 15305 | Lair:1   | Killed a five-headed hydra
 15305 | Lair:1   | Reached skill level 19 in Slings
 15311 | Lair:1   | Killed a five-headed hydra
 15435 | Lair:1   | Received a gift from Okawaru
 16423 | Lair:1   | Reached skill level 6 in Dodging
 16717 | Lair:2   | Reached skill level 9 in Armour
 16832 | Lair:2   | Noticed a catoblepas
 16855 | Lair:2   | Killed a catoblepas
 16994 | Lair:2   | Reached skill level 1 in Invocations
 17078 | Lair:2   | Reached skill level 2 in Invocations
 17137 | Lair:2   | Noticed an eight-headed hydra
 17147 | Lair:2   | Killed an eight-headed hydra
 17147 | Lair:2   | Reached skill level 4 in Invocations
 17147 | Lair:2   | Reached XP level 13. HP: 52/90 MP: 14/16
 17327 | Lair:2   | Reached skill level 5 in Invocations
 17444 | Lair:2   | Noticed a five-headed hydra
 17476 | Lair:2   | Killed a five-headed hydra
 17476 | Lair:2   | Reached skill level 6 in Invocations
 17642 | Lair:2   | Reached skill level 7 in Invocations
 17936 | Lair:2   | Reached skill level 8 in Invocations
 18170 | Lair:2   | Received a gift from Okawaru
 18170 | Lair:2   | Reached skill level 9 in Invocations
 18622 | Lair:2   | Received a gift from Okawaru
 18623 | Lair:2   | Got an encrusted cloak {god gift}
 18628 | Lair:2   | HP: 21/90 [death yak (19)]
 18894 | Lair:2   | Reached skill level 10 in Invocations
 18914 | Lair:2   | HP: 18/90 [death yak (20)]
 19520 | Lair:3   | Found a staircase to the Snake Pit.
 20351 | Lair:4   | Found a labyrinth entrance.
 20368 | Lair:4   | Reached XP level 14. HP: 28/98 MP: 18/21
 20371 | Lair:4   | HP: 20/98 [yak (5)]
 20376 | Lair:4   | HP: 16/98 [poisoned by a spiny frog]
 20381 | Lair:4   | HP: 12/98 [poisoned by a spiny frog]
 20384 | Lab      | Entered a labyrinth
 20386 | Lab      | HP: 11/98 [poisoned by a spiny frog]
 20391 | Lab      | HP: 11/98 [poisoned by a spiny frog]
 20396 | Lab      | HP: 12/98 [poisoned by a spiny frog]
 20402 | Lab      | HP: 14/98 [poisoned by a spiny frog]
 20409 | Lab      | HP: 17/98 [poisoned by a spiny frog]
 20840 | Lab      | Identified Pong's Compendium of Talismans
 20841 | Lab      | Got a spiked leather armour
 20848 | Lab      | Identified Leunuesh's Tome of Dislocated Calling
 20942 | Lab      | Identified the +1 cloak of Theory {+Inv rElec MP+9} (Okawaru gifted it to you on level 2 of the Lair of Beasts)
 20957 | Lab      | Identified a +0 pair of boots of running (You found it in a labyrinth)
 20969 | Lab      | Identified the cursed +0 leather armour "Qifaaner" {rPois Str+3 Int+4 Slay+3} (You found it in a labyrinth)
 21191 | Lair:4   | Found a staircase to the Shoals.
 21203 | Lair:4   | Reached skill level 7 in Dodging
 21578 | Lair:5   | Reached skill level 10 in Fighting
 21578 | Lair:5   | Reached skill level 20 in Slings
 21784 | Lair:5   | Reached skill level 10 in Armour
 22245 | Lair:6   | Entered Level 6 of the Lair of Beasts
 22453 | Lair:6   | Received a gift from Okawaru
 22472 | Lair:6   | Found a staircase to the Slime Pits.
 22630 | Lair:6   | Reached skill level 8 in Dodging
 22652 | Lair:6   | Received a gift from Okawaru
 22704 | Lair:6   | Noticed a dire elephant
 22741 | Lair:6   | HP: 20/99 [dire elephant (12)]
 22746 | Lair:6   | Killed a dire elephant
 22920 | Lair:6   | Received a gift from Okawaru
 22952 | Lair:6   | Paralysed by a hornet for 2 turns
 23072 | Lair:6   | Reached skill level 9 in Dodging
 23139 | Lair:6   | HP: 20/99 [komodo dragon (17)]
 23305 | Lair:6   | Reached skill level 11 in Fighting
 23504 | Lair:6   | HP: 23/101 [death yak (6)]
 23510 | Lair:6   | HP: 19/101 [death yak (22)]
 23515 | Lair:6   | HP: 16/101 [death yak (13)]
 23518 | Lair:6   | Received a gift from Okawaru
 23890 | Lair:6   | Reached ****** piety under Okawaru
 24052 | Lair:6   | Reached skill level 10 in Dodging
 24451 | Lair:6   | Reached XP level 15. HP: 90/108 MP: 22/22
 24562 | Lair:6   | Identified the +4 quarterstaff of Joisoim {drain, Int+4} (You found it on level 6 of the Lair of Beasts)
 24962 | Snake:1  | Entered Level 1 of the Snake Pit
 25180 | Snake:1  | Received a gift from Okawaru
 25183 | Snake:1  | Reached skill level 12 in Fighting
 25800 | Snake:1  | Received a gift from Okawaru
 26437 | Snake:2  | Reached skill level 13 in Fighting
 26503 | Snake:2  | Received a gift from Okawaru
 26507 | Snake:2  | Got a bloodstained hunting sling {god gift}
 26510 | Snake:2  | Identified the +6 hunting sling "Dragon's Tongue" {flame, *Slow MR+ Stlth+} (Okawaru gifted it to you on level 2 of the Snake Pit)
 27515 | Snake:3  | Reached skill level 14 in Fighting
 27525 | Snake:3  | Noticed Vashnia
 27556 | Snake:3  | Received a gift from Okawaru
 27573 | Snake:3  | Killed Vashnia
 27712 | Snake:3  | Reached XP level 16. HP: 120/120 MP: 23/23
 27763 | Snake:3  | Noticed Asterion
 27782 | Snake:3  | Killed Asterion
 27989 | Snake:3  | Reached skill level 15 in Fighting
 28000 | Snake:3  | Received a gift from Okawaru
 28383 | Snake:3  | Identified a scroll of acquirement
 28725 | Snake:3  | Noticed a nagaraja
 28735 | Snake:3  | Killed a nagaraja
 28760 | Snake:3  | Reached skill level 16 in Fighting
 29356 | Snake:3  | Received a gift from Okawaru
 29530 | Snake:3  | Received a gift from Okawaru
 29581 | Snake:3  | Got a faintly humming chain mail {god gift}
 30079 | Snake:4  | Entered Level 4 of the Snake Pit
 30582 | Snake:4  | Reached skill level 17 in Fighting
 30595 | Snake:4  | Reached XP level 17. HP: 132/132 MP: 17/24
 31514 | Snake:4  | Received a gift from Okawaru
 31852 | Snake:4  | Reached skill level 18 in Fighting
 32668 | Snake:4  | Received a gift from Okawaru
 32680 | Snake:4  | Got an encrusted shield {god gift}
 32713 | Snake:4  | Identified the +1 shield "Omyrech" {Int+2} (Okawaru gifted it to you on level 4 of the Snake Pit)
 32949 | Snake:4  | Got a serpentine rune of Zot
 33251 | Lair:1   | Identified the +7 chain mail "Wantesan" {rPois Dex+2} (Okawaru gifted it to you on level 3 of the Snake Pit)
 33409 | D:11     | Reached skill level 19 in Fighting
 33552 | D:11     | Found Xusicepoc's Assorted Antiques.
 33557 | D:11     | Bought a potion of heal wounds for 190 gold pieces
 33557 | D:11     | Bought a runed robe for 254 gold pieces
 33557 | D:11     | Bought a scroll of teleportation for 114 gold pieces
 33936 | D:12     | Reached XP level 18. HP: 144/144 MP: 25/25
 34177 | D:12     | Found Bomeha's Jewellery Boutique.
 34474 | D:12     | Found a glowing golden altar of the Shining One.
 35110 | D:13     | Noticed Nessos
 35138 | D:13     | Killed Nessos
 35383 | D:13     | Noticed Erolcha
 35390 | D:13     | Killed Erolcha
 35406 | D:13     | Found a runed door.
 35406 | D:13     | Found a runed door.
 35713 | D:13     | Found a roughly hewn altar of Beogh.
 36500 | D:13     | Received a gift from Okawaru
 36548 | D:14     | Found a gate to the Vaults.
 36548 | D:14     | Noticed Urug
 36548 | D:14     | Noticed Rupert
 36900 | D:14     | Reached skill level 20 in Fighting
 37017 | D:14     | Killed Urug
 37058 | D:14     | Killed Rupert
 37139 | D:14     | Received a gift from Okawaru
 37165 | D:14     | Found an opulent altar of Gozag.
 37365 | D:14     | Received a gift from Okawaru
 37368 | D:14     | Got a scorched cloak {god gift}
 37453 | D:14     | Identified the +2 cloak of Jedaosaf {rPois rF+} (Okawaru gifted it to you on level 14 of the Dungeon)
 37476 | D:14     | Reached skill level 1 in Shields
 37559 | D:14     | Reached skill level 2 in Shields
 37913 | D:15     | Entered Level 15 of the Dungeon
 38019 | D:15     | Noticed Roxanne
 38045 | D:15     | Killed Roxanne
 38045 | D:15     | Reached skill level 3 in Shields
 38146 | D:15     | Reached skill level 4 in Shields
 38158 | D:15     | Cast into level 2 of the Abyss (hell knight)
 38337 | Abyss:3  | Reached skill level 5 in Shields
 38417 | Abyss:3  | HP: 35/146 [starcursed mass/accursed screaming (10)]
 38419 | Abyss:3  | Paralysed by accursed screaming for 1 turns
 38435 | Abyss:3  | HP: 34/146 [starcursed mass/accursed screaming (9)]
 38446 | Abyss:3  | HP: 29/146 [raiju/living lightning (5)]
 38447 | Abyss:3  | HP: 11/146 [wretched star/orb of energy (19)]
 38518 | Abyss:3  | Reached skill level 6 in Shields
 38528 | D:15     | Escaped the Abyss
 38740 | D:15     | Reached XP level 19. HP: 153/153 MP: 26/26
 38871 | D:15     | Reached skill level 7 in Shields
 39020 | D:15     | Found a staircase to the Depths.
 39054 | D:15     | Found a glowing silver altar of Zin.
 39110 | D:15     | Reached skill level 8 in Shields
 39310 | D:15     | Received a gift from Okawaru
 39698 | Shoals:1 | Entered Level 1 of the Shoals
 39887 | Shoals:1 | Received a gift from Okawaru
 39890 | Shoals:1 | Reached skill level 9 in Shields
 39894 | Shoals:1 | Got a scorched hunting sling {god gift}
 39976 | Shoals:1 | Identified the +12 hunting sling of Extermination {velocity, +Blink rC- Int+5} (Okawaru gifted it to you on level 1 of the Shoals)
 40936 | Shoals:2 | Reached skill level 10 in Shields
 41698 | Shoals:3 | Reached skill level 11 in Shields
 41824 | Shoals:3 | Got a jewelled dagger
 41844 | Shoals:3 | Received a gift from Okawaru
 42029 | Shoals:3 | Received a gift from Okawaru
 42170 | Shoals:3 | Reached skill level 12 in Shields
 42224 | Shoals:3 | Identified the +3 dagger of Joemeoh {flame, *Slow Int+8} (You found it on level 3 of the Shoals)
 42618 | Shoals:4 | Entered Level 4 of the Shoals
 42720 | Shoals:4 | Got a barnacled rune of Zot
 42813 | Shoals:4 | Reached skill level 13 in Shields
 43317 | Shoals:4 | Reached XP level 20. HP: 154/159 MP: 27/27
 43388 | Shoals:4 | Received a gift from Okawaru
 43647 | Shoals:4 | Reached skill level 14 in Shields
 43943 | Shoals:4 | Noticed Ilsuiw
 43989 | Shoals:4 | Killed Ilsuiw
 44168 | Shoals:4 | Identified Sif Muna's Handbook of Feathery Protection
 44375 | Shoals:4 | Reached skill level 15 in Shields
 44866 | Vaults:1 | Entered Level 1 of the Vaults
 44879 | Vaults:1 | Received a gift from Okawaru
 45229 | Vaults:1 | Received a gift from Okawaru
 45960 | Vaults:1 | Reached skill level 16 in Shields
 46913 | Vaults:2 | Received a gift from Okawaru
 46954 | Vaults:2 | Reached skill level 17 in Shields
 46962 | Vaults:2 | Received a gift from Okawaru
 47080 | Vaults:2 | Got a brightly glowing hunting sling {god gift}
 47195 | Vaults:2 | Got a faintly glowing falchion
 47493 | Vaults:2 | Reached XP level 21. HP: 156/165 MP: 28/28
 47954 | Vaults:2 | Identified the +6 hunting sling "Hujonk" {speed, MR++ SInv} (Okawaru gifted it to you on level 2 of the Vaults)
 48541 | Vaults:3 | Reached skill level 18 in Shields
 48705 | Vaults:3 | Received a gift from Okawaru
 48760 | Vaults:3 | Got a transparent chain mail {god gift}
 48771 | Vaults:3 | Identified the +1 chain mail of Naemeq {rF+} (Okawaru gifted it to you on level 3 of the Vaults)
 49227 | Vaults:3 | Found a staircase to the Crypt.
 49317 | Vaults:3 | Identified the +9 falchion of Qecunakk {pain, rElec rC+ Int+4} (You found it on level 2 of the Vaults)
 49379 | Vaults:3 | Reached skill level 19 in Shields
 50385 | Vaults:4 | Identified the +0 pair of gloves of a Hundred Lies {Int+2 Dex+4} (You found it on level 4 of the Vaults)
 50478 | Vaults:4 | Received a gift from Okawaru
 50645 | Vaults:4 | Reached skill level 20 in Shields
 50696 | Vaults:4 | Received a gift from Okawaru
 50826 | Vaults:4 | Noticed InfiniteBenevolence's ghost (veteran MiBe)
 50848 | Vaults:4 | Killed InfiniteBenevolence's ghost
 50910 | Vaults:4 | Reached XP level 22. HP: 171/171 MP: 29/29
 50963 | Vaults:4 | Reached skill level 11 in Armour
 51664 | Depths:1 | Entered Level 1 of the Depths
 51764 | Depths:1 | Reached skill level 12 in Armour
 51772 | Depths:1 | Found a one-way gate to the infinite horrors of the Abyss.
 51827 | D:15     | HP: 13/171 [very ugly thing simulacrum (illusionary) (46)]
 51828 | D:15     | Mangled by a very ugly thing simulacrum (illusionary)

Skill      XL: |  1  2  3  4  5  6  7  8  9 10 11 12 13 14 15 16 17 18 19 20 21 22 |
---------------+-------------------------------------------------------------------+-----
Slings         | 6 7 8 9 11 12 14 16 17 18 19 20 | 20.0
Fighting       | 5 7 8 9 11 14 17 19 20 | 20.3
Armour         | 5 7 9 10 12 | 12.4
Dodging        | 3 6 10 | 10.4
Invocations    | 4 10 | 10.5
Shields        | 6 13 17 20 | 20.1
Stealth        | |  1.1

Action                   |  1- 3 |  4- 6 |  7- 9 | 10-12 | 13-15 | 16-18 | 19-21 | 22-24 || total
-------------------------+-------+-------+-------+-------+-------+-------+-------+-------++-------
Melee: Short sword       |    78 |       |       |       |       |       |       |       ||    78
       Hunting sling     |       |       |     1 |       |       |       |     1 |     3 ||     5
       Dagger            |       |       |       |    15 |       |       |       |       ||    15
 Fire: Hunting sling     |    60 |   124 |   542 |  1164 |  1151 |       |  2081 |   212 ||  5334
       Fustibalus        |       |       |       |       |   445 |  1813 |   209 |       ||  2467
Invok: Heroism           |       |     1 |     3 |    13 |    19 |    20 |    15 |     1 ||    72
       Finesse           |       |       |       |     1 |     4 |     4 |     2 |       ||    11
  Use: Scroll            |       |       |    17 |    14 |     9 |    11 |     7 |       ||    58
       Potion            |       |       |     1 |     2 |     6 |    11 |       |     1 ||    21
 Stab: Sleeping          |     1 |       |       |       |       |       |       |       ||     1
  Eat: Chunk             |     2 |     6 |    12 |    17 |    12 |    12 |    19 |     1 ||    81
       Meat ration       |       |       |     1 |       |       |       |     1 |       ||     2
       Beef jerky        |       |       |       |     2 |     3 |     2 |     2 |       ||     9
       Pizza             |       |       |       |     1 |     2 |     2 |     1 |       ||     6
       Royal jelly       |       |       |       |       |     5 |     6 |     3 |       ||    14
Armor: Leather armour    |    27 |       |       |       |    31 |    33 |       |       ||    91
       Chain mail        |    27 |     4 |    67 |    68 |       |   100 |   194 |    21 ||   481
       Ring mail         |       |       |       |    82 |    92 |       |       |       ||   174
Dodge: Dodged            |    71 |     7 |    69 |   252 |   494 |   352 |   363 |    38 ||  1646
Block: Shield            |       |       |       |       |       |       |   546 |    82 ||   628

Vault maps used:
D:1:      dpeg_arrival_boxes_within_box, minivault_5
D:2:      xom_teletrap_fun, nicolae_ru_the_path_less_chosen, okawaru_gym_becter,
          lemuel_crystal_altar, first_bread, kennysheep_boxes,
          uniq_crazy_yiuf_cottage, uniq_natasha
D:3:      ecumenical_altar_2, item_on_display_a, uniq_grinder
D:4:      amethyst_overflow_temple_binary, uniq_blork_the_orc
D:5:      kennysheep_diamond
D:6:      gup_ossuary_entry_pyramid, grunt_decor_fettered, hex_large,
          hangedman_glass_teeth, minmay_misc_feat_pillars, serial_bayou_pond_c,
          centaur_isle
D:7:      grunt_qazlal_sundering
D:8:      trog_eyes_of_draining, led_sif_book, cheibriados_altar_1,
          serial_shops, kennysheep_mini, uniq_erica, uniq_pikel
D:9:      lemuel_zombie_altar_kikubaaqudgha, zin_treasury,
          minmay_lair_entry_grove, orc_0_dummy, hangedman_pestilent_swarm
D:11:     serial_shops, kennysheep_little_box
D:12:     serial_shops, nicolae_shop_competitors_out_of_business,
          grunt_ministairs_14, serial_park_tiny_pond, st_stairs_14,
          basic_loot_grate_trap, kennysheep_minor_cross,
          nicolae_tso_carved_into_rock
D:13:     special_room, serial_bayou_pond_a, nicolae_wwwww,
          minmay_guarded_unrand_resistance, uniq_erolcha, uniq_nessos
D:14:     david_vaults_3, minmay_holes, grunt_gozag_statues, uniq_rupert
D:15:     hangedman_depths_entry_civil_slaughter, zin_angel, uniq_roxanne
Lair:1:   st_stairs_12
Lair:2:   wad_woods_minihive, grunt_forest_small_clearing_treed
Lair:3:   guppyfry_snake_entry_island
Lair:4:   elwin_shoals_entry_stream, lab_entry_generic
Lair:5:   infiniplex_staircase_pool_2, serial_bayou_shore_a
Lair:6:   gammafunk_lair_ancient_temple, nicolae_slime_entry_slimehenge,
          serial_bayou_pond_a, st_stairs_8
Shoals:3: cheibrodos_shoals_oceanic_diplomacy
Shoals:4: shoals_end_grunt_garden, shoal_ilsuiw
Snake:1:  cheibrodos_snake_ritualist_ritual, st_stairs_1
Snake:3:  st_stairs_1, uniq_vashnia, uniq_asterion
Snake:4:  minmay_snake_end_coiled, special_room
Vaults:1: vaults_room_corners, ontoclasm_vaults_spin,
          ontoclasm_vaults_ring_small, hangedman_vaults_stretched_pinwheel,
          hangedman_vaults_stretched_pinwheel, grunt_vaults_funnel,
          nicolae_vaults_what_the_h, nicolae_vaults_ninety_degrees,
          vaults_dpeg_ring, vaults_room_corners, v_misc_24
Vaults:2: hangedman_vaults_stream, st_hourglassy, ontoclasm_vaults_ring_large,
          nicolae_vaults_border_crossing, vaults_standard_mumra_x,
          grunt_vaults_hallway_short, nicolae_vaults_little_squares_1,
          ontoclasm_vaults_loading_screen, grunt_vaults_focal, v_misc_10,
          hangedman_vaults_corner_blocks
Vaults:3: nicolae_vaults_back_hallway, minmay_crypt_entry_simple_walls,
          vaults_room_stairs_pillars, vaults_room_guarded_vault, v_pattern_4,
          vaults_dpeg_spiral, v_alt_pattern_6,
          hangedman_vaults_stretched_pinwheel, v_alt_pattern_1, v_misc_13,
          nicolae_vaults_little_ls, nicolae_vaults_circle_grid_b,
          vaults_room_corners
Vaults:4: v_misc_30, vaults_dpeg_cross, vaults_room_door_hall,
          ontoclasm_vaults_gateway, vaults_room_stairs_pillars,
          hangedman_vaults_corner, st_smaller_cells,
          hangedman_vaults_stretched_pinwheel,
          nicolae_vaults_network_quinsquares, v_misc_15, vaults_room_pool,
          hangedman_vaults_river_flow
Depths:1: hellmouth_1, abyss_entry, kennysheep_generic_room_16,
          minmay_shop_grove
Abyss:3:  grunt_abyss_rune_forest_and_sorcery
Lab:      nicolae_lab_dead_adventurers, nicolae_lab_quarters, lab_hedge
Ossuary:  ossuary_minmay_chase

Table legend:
 A = Turns spent in this place as a percentage of turns spent in the entire game.
 B = Non-inter-level travel turns spent in this place as a percentage of non-inter-level travel turns spent in the entire game.
 C = Inter-level travel turns spent in this place as a percentage of turns spent in this place.
 D = Turns resting spent in this place as a percentage of non-inter-level travel turns spent in this place.
 E = Turns spent auto-exploring this place as a percentage of non-inter-level travel turns spent in this place.
 F = Non-inter-level travel turns spent in this place divided by the number of levels of this place that you've seen.
                   A       B       C       D       E      F
               +-------+-------+-------+-------+-------+----------------------
         Total | 100.0 | 100.0 |   0.5 |   3.2 |   9.4 | 458.3
       Dungeon |  34.6 |  34.6 |   0.6 |   3.0 |  10.5 | 401.9
          Lair |  21.7 |  21.6 |   0.8 |   3.0 |   6.7 | 627.7
        Shoals |  10.5 |  10.6 |   0.4 |   3.2 |  10.7 | 459.8
     Snake Pit |  14.5 |  14.5 |   0.4 |   6.0 |   9.7 | 630.0
        Vaults |  13.2 |  13.3 |   0.2 |   1.6 |  12.5 | 577.0
        Depths |   0.6 |   0.6 |   0.0 |   1.9 |   4.8 | 104.0
         Abyss |   1.7 |   1.7 |   0.0 |   2.0 |   0.0 | 151.5
     Labyrinth |   2.1 |   2.1 |   0.0 |   2.4 |   0.0 | 373.0
       Ossuary |   1.0 |   1.0 |   0.0 |   1.7 |  13.1 | 175.0
               +-------+-------+-------+-------+-------+----------------------

Table legend:
 A = Kills in this place as a percentage of kills in entire the game.
 B = Kills by you in this place as a percentage of kills by you in the entire game.
 C = Kills by friends in this place as a percentage of kills by friends in the entire game.
 D = Other kills in this place as a percentage of other kills in the entire game.
 E = Experience gained in this place as a percentage of experience gained in the entire game.
 F = Experience gained in this place divided by the number of levels of this place that you have seen.
                   A       B       C       D       E      F
               +-------+-------+-------+-------+-------+----------------------
         Total | 100.0 | 100.0 |  -nan |  -nan | 100.0 | 13814.0
       Dungeon |  35.1 |  35.1 |  -nan |  -nan |  16.5 | 5776.6
          Lair |  15.8 |  15.8 |  -nan |  -nan |  10.9 | 9544.8
        Shoals |  11.2 |  11.2 |  -nan |  -nan |  15.7 | 20664.8
     Snake Pit |  15.7 |  15.7 |  -nan |  -nan |  24.0 | 31523.5
        Vaults |  18.5 |  18.5 |  -nan |  -nan |  29.2 | 38273.2
        Depths |   0.7 |   0.7 |  -nan |  -nan |   1.7 | 8703.0
         Abyss |   1.5 |   1.5 |  -nan |  -nan |   1.8 | 4610.0
     Labyrinth |   0.1 |   0.1 |  -nan |  -nan |   0.2 | 1098.0
       Ossuary |   1.4 |   1.4 |  -nan |  -nan |   0.0 | 148.0
               +-------+-------+-------+-------+-------+----------------------
